 Dungeon Crawl Stone Soup version 0.32-a0-705-g60f233581c (webtiles) character file.

Game seed: 8481257146430483941

673 cforsyth the Chopper (level 7, -2/61 HPs)
             Began as a Mountain Dwarf Cinder Acolyte on Mar 15, 2024.
             Was a High Priest of Ignis.
             Slain by a black bear (5 damage)
             ... on level 6 of the Dungeon.
             The game lasted 00:06:51 (4947 turns).

cforsyth the Chopper (MDCA)                         Turns: 4947, Time: 00:06:51

Health: -2/61      AC:  4    Str: 16    XL:     7   Next: 33%
Magic:  11/11      EV: 10    Int: 17    God:    Ignis [*****.]
Gold:   255        SH:  0    Dex:  5    Spells: 10/12 levels left

rFire   + + .        x - +0 broad axe (spect)
rCold   . . .        (no shield)
rNeg    . . .        g - +1 leather armour {rF+}
rPois   .            (no helmet)
rElec   .            (no cloak)
rCorr   .            (no gloves)
SInv    .            (no boots)
Will    .....        k - amulet of the acrobat
Stlth   +            (no ring)
HPRegen 0.30/turn    (no ring)
MPRegen 0.12/turn

%: acrobat
@: no status effects
A: runic magic, artefact enchanting
a: Renounce Religion, Fiery Armour, Foxfire Swarm, Rising Flame


You were on level 6 of the Dungeon.
You worshipped Ignis.
Ignis was extremely pleased with you.
You visited 1 branch of the dungeon, and saw 6 of its levels.
You also visited: Sewer.

You collected 255 gold pieces.


Innate Abilities, Weirdness & Mutations

Your spellcasting is much less encumbered by armour.
You can use scrolls of enchantment on lesser artefacts.


   Skills:
 + Level 5.1 Fighting
 + Level 5.6 Axes
 + Level 3.6 Armour
 + Level 3.0 Spellcasting
 + Level 5.6 Fire Magic


You had 10 spell levels left.
You knew the following spells:

 Your Spells              Type           Power      Damage    Failure   Level
X - Scorch                Fire           42%        2d6       2%          2

Your spell library contained the following spells:

 Spells                   Type           Power      Damage    Failure   Level
 Foxfire                  Conj/Fire      48%        2x1d6     6%          1
 Hailstorm                Conj/Ice       2%         3d5       47%         3
 Summon Ice Beast         Ice/Summ       2%         N/A       47%         3
 Permafrost Eruption      Ice/Erth       1%         2x4d2     100%        6
 Plasma Beam              Fire/Air       6%         2x1d16    100%        6
 Sculpt Simulacrum        Ice/Alch       1%         N/A       100%        6
 Starburst                Conj/Fire      6%         6d4       100%        6

Inventory:

Hand Weapons
 a - a -1 hand axe of flaming
 x - a +0 spectral broad axe (weapon)
Missiles
 q - a curare-tipped dart {=f}
 u - a throwing net {=f}
Armour
 b - a +0 robe
 g - a +1 leather armour of fire resistance (worn)
 j - a +1 pair of boots
Magical Staves
 w - a staff of fire {!a}
Jewellery
 k - an amulet of the acrobat (around neck)
Wands
 n - a wand of warping (2)
 s - a wand of mindburst (15)
Scrolls
 c - a scroll of poison {unknown}
 d - a scroll of revelation {unknown}
 e - a scroll of enchant armour
 l - a scroll of amnesia {unknown}
 m - a scroll of noise {unknown}
 t - a scroll of immolation {unknown}
 v - 2 scrolls of fear
Potions
 f - 5 potions of curing {@q1}
 h - 4 potions of haste {@q3}
 i - a potion of mutation {unknown}
 o - 3 potions of enlightenment
 p - a potion of heal wounds {@q2}
 r - 2 potions of might

Dungeon Overview and Level Annotations

Branches:
Dungeon (6/15)             Temple (0/1) D:5           Sewer (visited)

Altars:
Cheibriados
Kikubaaqudgha
Qazlal
Sif Muna
Uskayaw

#####
...
##.#
#..#
##{##
#.h@#
#####


You could see a black bear.


Message History

The black bear bites you.
* * * LOW HITPOINT WARNING * * *
The black bear claws you.
* * * LOW HITPOINT WARNING * * *
The black bear claws you but does no damage.
You are too injured to fight recklessly!
You are too injured to fight recklessly!
You are too injured to fight recklessly!
You slash the black bear!
The black bear is moderately wounded.
You closely miss something. Something hits you.
* * * LOW HITPOINT WARNING * * *
Something shocks you.
* * * LOW HITPOINT WARNING * * *
The black bear bites you.
* * * LOW HITPOINT WARNING * * *
The black bear claws you but does no damage.
The black bear claws you.
* * * LOW HITPOINT WARNING * * *
Unknown command.
Unknown command.
You slash the black bear!
The black bear is almost dead.
You closely miss something. Something hits you.
* * * LOW HITPOINT WARNING * * *
Something shocks you.
* * * LOW HITPOINT WARNING * * *
The black bear bites you.
You die...
Ignis goes out, and joins you in death.

Skill      XL: |  1  2  3  4  5  6  7 |
---------------+----------------------+-----
Armour         | 1 2 3 |  3.6
Fire Magic     | 4 5 |  5.6
Axes           | 4 5 |  5.6
Fighting       | 4 5 |  5.1
Spellcasting   | 2 3 |  3.0

Action                     |  1- 3 |  4- 6 |  7- 9 || total
---------------------------+-------+-------+-------++-------
  Melee: Hand axe          |    75 |    77 |       ||   152
         Broad axe         |       |     9 |    15 ||    24
   Cast: Scorch            |    24 |    69 |     3 ||    96
  Evoke: Wand              |       |     1 |       ||     1
    Use: Scroll            |       |     5 |     1 ||     6
         Potion            |       |     1 |       ||     1
   Stab: Distracted        |       |       |     1 ||     1
 Armour: Robe              |    34 |       |       ||    34
         Leather armour    |    23 |    75 |    37 ||   135
  Dodge: Dodged            |    53 |    59 |    23 ||   135

Levels and vault maps discovered:
D:1:      wander_arrival_estate, layout_basic
D:2:      layout_basic
D:3:      layout_basic, mainiacjoe_overflow_brackets, gup_sewer_entry_pipe
D:4:      layout_cave_pools, nicolae_uskayaw_murder_on_the_dancefloor,
          gammafunk_temple_overflow_forgotten
D:5:      layout_basic, minmay_temple_entry_slanted, serial_shops,
          nicolae_shop_gaudy_bauble
D:6:      layout_basic

Notes
Turn   | Place    | Note
-------+----------+-------------------------------------------
     0 | D:1      | cforsyth the Mountain Dwarf Cinder Acolyte began the quest
                  | for the Orb.
     0 | D:1      | Reached XP level 1. HP: 19/19 MP: 2/2
    43 | D:1      | Reached XP level 2. HP: 15/26 MP: 3/3
    91 | D:1      | Learned a level 2 spell: Scorch
   531 | D:1      | Reached skill level 1 in Armour
   703 | D:1      | Reached skill level 4 in Fire Magic
   788 | D:1      | Reached XP level 3. HP: 29/31 MP: 5/5
   946 | D:2      | Reached skill level 4 in Axes
  1554 | D:2      | Reached XP level 4. HP: 40/40 MP: 3/6
  1795 | D:3      | Found a glowing drain.
  1816 | Sewer    | Entered a sewer
  1946 | Sewer    | Noticed a kobold brigand
  2032 | Sewer    | Killed a kobold brigand
  2033 | Sewer    | Reached skill level 4 in Fighting
  2033 | Sewer    | Reached skill level 2 in Armour
  2033 | Sewer    | Reached skill level 2 in Spellcasting
  2033 | Sewer    | Reached XP level 5. HP: 46/46 MP: 0/8
  2119 | Sewer    | Found a white marble altar of Elyvilon.
  2372 | D:3      | Found a shimmering blue altar of Sif Muna.
  3424 | D:4      | Found a snail-covered altar of Cheibriados.
  3425 | D:4      | Noticed a phantom
  3512 | D:4      | Killed a phantom
  3513 | D:4      | Reached skill level 5 in Axes
  3513 | D:4      | Reached skill level 5 in Fire Magic
  3513 | D:4      | Reached XP level 6. HP: 53/53 MP: 4/9
  3582 | D:4      | Reached skill level 3 in Armour
  3919 | D:4      | Found an ancient bone altar of Kikubaaqudgha.
  4093 | D:4      | Found a hide-covered altar of Uskayaw.
  4191 | D:4      | Found a stormy altar of Qazlal.
  4274 | D:5      | Entered Level 5 of the Dungeon
  4284 | D:5      | Found a staircase to the Ecumenical Temple.
  4329 | D:5      | Reached XP level 7. HP: 21/60 MP: 3/11
  4701 | D:6      | Reached skill level 5 in Fighting
  4851 | D:6      | Reached skill level 3 in Spellcasting
  4947 | D:6      | HP: 3/61 [something (5)]
  4947 | D:6      | Slain by a black bear

Vanquished Creatures
  A phantom (D:4)
  A kobold brigand (Sewer)
  2 scorpions
  2 orc priests (D:4)
  A hound (D:6)
  An iguana (D:5)
  3 orc wizards
  6 adders
  4 gnolls
  2 river rats (Sewer)
  2 ribbon worms (D:2)
  2 dart slugs
  10 orcs
  4 ball pythons
  7 endoplasms
  8 giant cockroaches
  8 goblins
  8 hobgoblins
  4 jackals
  13 kobolds
  4 quokkas
  4 bats
  2 frilled lizards (D:1)
  9 rats
108 creatures vanquished.

Table legend: (Time is in decaauts)
 A = Elapsed time spent in this place.
 B = Non-inter-level travel time spent in this place.
 C = Inter-level travel time spent in this place.
 D = Time resting spent in this place.
 E = Time spent auto-exploring this place.
 F = Levels seen in this place.
 G = Mean time per level.
                   A        B        C        D        E       F      G
               +--------+--------+--------+--------+--------+-----+--------+
         Total |   5017 |   4934 |     83 |   1053 |   2904 |   7 |  716.7 |
       Dungeon |   4592 |   4509 |     83 |    951 |   2747 |   6 |  765.3 |
         Sewer |    425 |    425 |      0 |    102 |    157 |   1 |  425.0 |
               +--------+--------+--------+--------+--------+-----+--------+

Top non-repeatable levels by time:
     D:3: 1339 daAuts
     D:1: 939 daAuts
     D:2: 937 daAuts
     D:4: 695 daAuts
     D:5: 431 daAuts
   Sewer: 425 daAuts
     D:6: 250 daAuts

Table legend:
 A = Non-vault XP
 B = Vault XP
 C = Vault XP percentage of total XP
 D = Non-vault monster count
 E = Vault monster count
 F = Vault count percentage of total count
                 A         B        C        D         E       F
            +---------+---------+-------+---------+---------+-------
      Total |     816 |     146 |  15.2 |      89 |      19 |  17.6
            +---------+---------+-------+---------+---------+-------
        D:1 |      42 |       0 |   0.0 |      25 |       0 |   0.0
        D:2 |      83 |       0 |   0.0 |      18 |       0 |   0.0
        D:3 |     113 |      14 |  11.0 |      18 |       7 |  28.0
        D:4 |     297 |       0 |   0.0 |      17 |       0 |   0.0
        D:5 |     143 |       0 |   0.0 |       4 |       0 |   0.0
        D:6 |     138 |       0 |   0.0 |       7 |       0 |   0.0
      Sewer |       0 |     132 | 100.0 |       0 |      12 | 100.0
            +---------+---------+-------+---------+---------+-------
